 Dungeon Crawl Stone Soup version 0.23.2 (webtiles) character file.

Game seed: 3262004630424454870

40802 Illumine the Envoy of Void (level 14, -1/73 HPs)
             Began as a Vine Stalker Abyssal Knight on Sept 30, 2019.
             Was a High Priest of Lugonu.
             Drowned by a drowned soul (12 damage)
             ... summoned by a merfolk avatar
             ... on level 6 of the Lair of Beasts on Oct 1, 2019.
             The game lasted 00:55:36 (14483 turns).

Illumine the Envoy of Void (VSAK)                  Turns: 14483, Time: 00:55:37

Health: -1/73      AC: 24    Str: 18    XL:     14   Next: 12%
Magic:  0/23       EV:  9    Int: 12    God:    Lugonu [*****.]
Gold:   1289       SH:  0    Dex: 16    Spells: 13/13 levels left

rFire    . . .     SeeInvis .   a - +2 trident (freeze)
rCold    + . .     Gourm    .   (no shield)
rNeg     . . .     Faith    .   B - +2 plate armour {rC+}
rPois    +         Spirit   +   r - +4 helmet "Pijeggag" {+Fly rF- MR+ Regen+}
rElec    .         Reflect  .   N - +0 cloak
rCorr    .         Harm     .   o - +1 pair of gloves
MR       ++...                  (no boots)
Stlth    ..........             (no amulet)
HPRegen  1.42/turn              v - ring of protection from fire
MPRegen  0.18/turn              d - ring of poison resistance

@: mesmerised, very slow
A: fangs 3, regeneration 2, magic shield, antimagic bite, no potion heal 3, rot
immunity
a: Depart the Abyss, Bend Space, Banish, Corrupt, Enter the Abyss, Renounce
Religion, Evoke Flight


You were on level 6 of the Lair of Beasts.
You worshipped Lugonu.
Lugonu was extremely pleased with you.
You were not hungry.

You visited 2 branches of the dungeon, and saw 18 of its levels.
You visited the Abyss 1 time.

You collected 1289 gold pieces.

Inventory:

Hand Weapons
 a - a +2 trident of freezing (weapon)
 b - the +3 hunting sling of the Unseen Realm {flame, rC+ Int+4}
   (You found it on level 5 of the Dungeon)

   It causes projectiles fired from it to burn those they strike, causing extra
   injury to most foes and up to half again as much damage against particularly
   susceptible opponents.
   It affects your intelligence (+4).
   It protects you from cold.
 U - the +7 shortbow "Nustesecs" {freeze, rC++ Int-4 Dex+3 Stlth+}
   (You found it on level 4 of the Lair of Beasts)

   It causes projectiles fired from it to freeze those they strike, causing
   extra injury to most foes and up to half again as much damage against
   particularly susceptible opponents.
   They can also slow down cold-blooded creatures.
   It affects your intelligence (-4).
   It affects your dexterity (+3).
   It greatly protects you from cold.
   It makes you more stealthy.
Missiles
 l - 406 stones (quivered)
 s - 24 tomahawks
 u - 107 bolts
 F - 122 sling bullets
 O - 10 javelins
Armour
 o - a +1 pair of gloves (worn)
 r - the +4 helmet "Pijeggag" (worn) {+Fly rF- MR+ Regen+}
   (You took it off Robin on level 3 of the Dungeon)

   It makes you vulnerable to fire.
   It affects your resistance to hostile enchantments.
   It lets you fly.
   It increases your rate of regeneration.
 B - a +2 plate armour of cold resistance (worn)
 N - a +0 cloak (worn)
Jewellery
 d - a ring of poison resistance (right hand)
 e - an uncursed ring of fire
 v - a ring of protection from fire (left hand)
 y - an uncursed ring of protection from magic
 A - an uncursed ring of resist corrosion
 G - a +5 ring of intelligence
Wands
 f - a wand of polymorph (13)
 w - a wand of paralysis (8)
 D - a wand of flame (28)
 J - a wand of disintegration (24)
 K - a wand of iceblast (16)
 L - a wand of enslavement (8)
 Q - a wand of acid (7)
Scrolls
 g - 3 scrolls of enchant weapon
 h - 11 scrolls of remove curse
 i - 10 scrolls of teleportation
 j - 5 scrolls of amnesia
 k - 3 scrolls of magic mapping
 p - 4 scrolls of immolation
 C - 2 scrolls of blinking
 H - 2 scrolls of enchant armour {unknown}
 M - 4 scrolls of vulnerability
 P - a scroll of fear {unknown}
 T - a scroll of brand weapon {unknown}
 X - a scroll of silence {unknown}
Potions
 m - 3 potions of brilliance
 n - 3 potions of ambrosia
 q - 7 potions of curing
 t - 2 potions of haste
 x - a potion of flight
 z - 2 potions of lignification
 E - a potion of magic
 I - a potion of berserk rage
 R - a potion of might {unknown}
 S - a potion of resistance {unknown}
 V - a potion of agility {unknown}
 W - a potion of degeneration {unknown}
Comestibles
 c - 20 rations


   Skills:
 + Level 8.1 Fighting
 + Level 10.8 Polearms
 - Level 5.2(6.8) Slings
 + Level 6.5(7.4) Throwing
 + Level 8.3 Armour
 + Level 6.7 Dodging
 + Level 3.6 Stealth
 * Level 11.8 Invocations


You had 13 spell levels left.
You didn't know any spells.
Your spell library contained the following spells:

 Spells                   Type           Power        Failure   Level  Hunger
 Sandblast                Erth           #.....       100%        1    ##.....
 Passwall                 Tmut/Erth      #.......     100%        2    ###....
 Stone Arrow              Conj/Erth      #.....       100%        3    ####...
 Teleport Other           Tloc           #.......     100%        3    ####...
 Petrify                  Tmut/Erth      #.......     100%        4    #####..
 Throw Icicle             Conj/Ice       #.......     100%        4    #####..
 Lee's Rapid Deconstruct  Erth           #.........   100%        5    ######.
 Freezing Cloud           Conj/Ice/Air   #.........   100%        6    #######
 Ozocubu's Refrigeration  Ice            #.........   100%        6    #######


Dungeon Overview and Level Annotations

Branches:
Dungeon (12/15)            Temple (0/1) D:7            Lair (6/6) D:10
  Swamp (0/4) Lair:3        Snake (0/4) Lair:3        Slime (0/5) Lair:5
    Orc (0/2) D:9

Altars:
Elyvilon
Makhleb
Zin

Annotations:
D:3 Grinder
D:12 Snorg
Lair:3 exclusion: 4 oklob plants
Lair:5 exclusion: 2 oklob plants
Abyss:1 Harold, Psyche, Sigmund, Urug


Innate Abilities, Weirdness & Mutations

You have razor-sharp teeth.
You heal very quickly.
When hurt, damage is shared between your health and your magic reserves.
Your bite disrupts and absorbs the magic of your enemies.
Potions cannot restore your health.
You are immune to rotting.


Message History

The drowned soul touches you. The drowned soul drowns you!
The merfolk avatar chants its luring song.
You enter the shallow water.
Moving in this stuff is going to be slow.
The merfolk avatar chants its luring song.
You see here 4 stones.
The merfolk avatar chants its luring song.
The drowned soul touches you. The drowned soul drowns you!
* * * LOW HITPOINT WARNING * * *
The merfolk avatar chants its luring song.
You see here a stone.
You closely miss the drowned soul. The drowned soul touches you.
The drowned soul drowns you!
* * * LOW HITPOINT WARNING * * *
The merfolk avatar chants its luring song.
Okay, then.
Okay, then.
The merfolk avatar chants its luring song.
The drowned soul touches you. The drowned soul drowns you!
You die...

##P..≈P≈≈.≈≈.≈.≈.≈≈.P≈.≈..≈≈≈≈≈≈.
.#...≈##≈≈##≈≈##≈≈.#≈≈##≈≈##≈≈#.≈
.##...##≈≈##≈≈##≈≈#.≈≈##P≈#.≈≈#.≈
.#...≈≈≈≈≈≈≈≈≈≈≈≈≈≈≈≈≈P≈≈≈≈≈≈≈≈≈≈
##...≈≈≈≈≈≈≈≈≈≈≈≈(≈≈≈≈≈≈≈≈≈≈≈≈≈≈≈
##...≈##≈########(###########≈##≈
#...≈.#≈# #8≈P(≈≈≈≈≈8# ≈.≈.#≈
##...≈≈≈≈≈ #≈≈(#≈≈≈≈≈≈# ≈≈≈≈.
......≈≈≈≈ #≈≈@≈≈≈≈≈≈≈# #≈P≈≈
.....≈##≈≈ #≈≈m≈≈≈≈≈≈≈#≈≈≈#≈#..
......#.≈# #≈≈≈WW?)≈≈≈≈≈P≈#≈##≈
##...≈P≈≈≈≈ #≈≈≈?≈≈$≈P≈≈≈8≈≈≈≈≈≈
.....≈≈≈≈≈P #≈PP$≈≈[≈≈≈≈≈8≈≈P≈≈≈
#P.....#≈#≈ #≈≈≈[??!≈≈≈≈≈≈≈.≈##≈
###..≈..≈≈≈ #≈≈≈P≈≈≈≈≈≈#≈≈P#≈##.
.#...≈≈≈≈≈P #≈≈≈≈≈≈≈≈P≈#≈≈≈#≈≈≈.
#....≈≈≈≈≈≈ #≈≈≈≈≈≈≈≈


You could see a merfolk avatar and 2 drowned souls.

Vanquished Creatures
  Josephine (D:10)
  2 hydras
  Erica (D:9)
  A two-headed ogre (D:11)
  An unseen horror (D:10)
  Pikel (D:7)
  2 harpies
  A cyclops (D:6)
  3 elephants
  2 manticores
  4 black mambas
  2 torpor snails
  11 spiny frogs
  10 komodo dragons
  5 rime drakes
  A meliai (Lair:5)
  2 trolls (D:11)
  A wind drake (Lair:6)
  16 blink frogs
  4 hornets
  A polar bear (Lair:6)
  9 hippogriffs
  6 wyverns
  A vampire (D:11)
  5 wraiths (D:10)
  15 yaks
  9 basilisks
  A hungry ghost (D:11)
  Grum (D:9)
  3 nagas (Lair:3)
  6 water moccasins
  5 porcupines
  4 ice beasts
  6 sky beasts
  4 orc warriors
  2 black bears
  2 phantoms (D:5)
  2 necrophages
  3 wolves (D:9)
  10 ogres
  4 centaurs
  11 crocodiles
  A big kobold (D:9)
  17 bullfrogs
  A wyvern skeleton (D:9)
  A scorpion (D:9)
  A wight (D:7)
  21 killer bees (Lair:5)
  A howler monkey (D:6)
  2 bullfrog zombies
  2 centaur zombies
  5 crimson imps
  2 centaur skeletons
  4 hounds
  2 jellies
  7 orc priests
  8 orc wizards
  A bullfrog skeleton (D:11)
  3 iguanas
  8 worker ants
  A hound zombie (D:6)
  A hound skeleton (D:8)
  2 worker ant zombies
  Robin (D:3)
  4 gnolls
  10 adders
  A shadow imp (D:8)
  An adder skeleton (D:6)
  3 worms
  3 dart slugs
  4 leopard geckos
  39 orcs
  A ball python (D:1)
  11 bats
  5 giant cockroaches
  13 goblins
  16 hobgoblins
  13 kobolds
  5 quokkas
  2 frilled lizards
  8 rats
412 creatures vanquished.

Vanquished Creatures (others)
  A death knight (D:11)
  A two-headed ogre (D:10)
  A death yak (Lair:4)
  An ugly thing (D:9)
  A spiny frog (Lair:2)
  A polar bear (Lair:5)
  2 orc warriors (D:7)
  A slave (D:7)
  An ogre (D:7)
  A bullfrog zombie (D:7)
  A worker ant (D:4)
  A worker ant zombie (D:7)
  An adder zombie (D:7)
  3 orcs (D:7)
  A bush (Lair:5)
  4 fungi
  5 plants (Lair:6)
27 creatures vanquished.

Grand Total: 439 creatures vanquished

Notes
Turn   | Place    | Note
-------+----------+-------------------------------------------
     0 | Abyss:1  | Illumine the Vine Stalker Abyssal Knight began the quest
                  | for the Orb.
     0 | Abyss:1  | Reached XP level 1. HP: 11/11 MP: 3/3
    22 | Abyss:1  | Noticed a thrashing horror
    24 | D:1      | Escaped the Abyss
   109 | D:1      | Reached XP level 2. HP: 12/16 MP: 4/4
   243 | D:1      | Reached * piety under Lugonu
   693 | D:1      | Reached XP level 3. HP: 19/19 MP: 5/5
  1812 | D:3      | Reached ** piety under Lugonu
  1841 | D:3      | Gained mutation: Your natural rate of healing is unusually
                  | fast. [Vine Stalker growth]
  1841 | D:3      | Reached XP level 4. HP: 19/23 MP: 6/6
  1842 | D:3      | Reached skill level 2 in Invocations
  1887 | D:3      | Identified the +4 helmet "Pijeggag" {+Fly rF- MR+ Regen+}
  1887 | D:3      | Noticed Robin
  1913 | D:3      | Killed Robin
  2172 | D:3      | Reached XP level 5. HP: 27/27 MP: 6/8
  2395 | D:3      | Noticed Grinder
  2647 | D:4      | Found a white marble altar of Elyvilon.
  2746 | D:4      | You fall through a shaft!
  2746 | D:5      | Entered Level 5 of the Dungeon
  2840 | D:4      | Reached skill level 3 in Invocations
  3286 | D:5      | Got a shimmering hunting sling
  3291 | D:5      | Identified the +3 hunting sling of the Unseen Realm {flame,
                  | rC+ Int+4} (You found it on level 5 of the Dungeon)
  3430 | D:5      | Noticed a phantom
  3444 | D:5      | Killed a phantom
  3444 | D:5      | Reached XP level 6. HP: 32/32 MP: 9/9
  3449 | D:5      | Noticed a sky beast
  3536 | D:5      | Killed a sky beast
  3536 | D:5      | Reached skill level 5 in Polearms
  3536 | D:5      | Reached skill level 1 in Slings
  3564 | D:5      | Noticed a phantom
  3587 | D:5      | Killed a phantom
  3587 | D:5      | Reached XP level 7. HP: 30/35 MP: 10/10
  3633 | D:5      | Reached *** piety under Lugonu
  3835 | D:5      | Found a glowing silver altar of Zin.
  3885 | D:5      | Noticed Sigmund
  3886 | D:5      | Banished Sigmund
  3886 | D:5      | Reached skill level 4 in Invocations
  3996 | D:6      | Noticed a cyclops
  4095 | D:6      | Gained mutation: You have razor-sharp teeth. [Vine Stalker
                  | growth]
  4095 | D:6      | Reached XP level 8. HP: 26/39 MP: 10/12
  4235 | D:6      | You fall through a shaft!
  4563 | D:7      | Found a staircase to the Ecumenical Temple.
  4566 | D:7      | Reached skill level 5 in Invocations
  4669 | D:6      | Reached XP level 9. HP: 39/43 MP: 12/14
  4684 | D:6      | Killed a cyclops
  5459 | D:7      | Noticed Pikel
  5499 | D:7      | Killed Pikel
  5499 | D:7      | Reached skill level 1 in Dodging
  5499 | D:7      | Reached skill level 1 in Stealth
  5499 | D:7      | Reached skill level 6 in Invocations
  5638 | D:7      | Reached XP level 10. HP: 46/49 MP: 13/15
  5944 | D:8      | Reached skill level 5 in Armour
  6001 | D:9      | Noticed Erica
  6023 | D:8      | Reached skill level 5 in Slings
  6055 | D:8      | Reached **** piety under Lugonu
  6730 | D:8      | Found a burning altar of Makhleb.
  6730 | D:8      | Noticed a blizzard demon
  7004 | D:9      | Noticed a green ugly thing
  7011 | D:9      | Banished a green ugly thing
  7011 | D:9      | Reached skill level 7 in Invocations
  7019 | D:9      | Reached skill level 1 in Throwing
  7103 | D:9      | Killed Erica
  7117 | D:9      | Noticed Grum
  7147 | D:9      | Killed Grum
  7147 | D:9      | Reached XP level 11. HP: 24/54 MP: 17/17
  7212 | D:9      | Noticed Psyche
  7215 | D:9      | Banished Psyche
  7406 | D:9      | Found a staircase to the Orcish Mines.
  7436 | D:10     | Entered Level 10 of the Dungeon
  7475 | D:10     | Found a white marble altar of Elyvilon.
  7581 | D:10     | Reached skill level 5 in Fighting
  7761 | D:11     | Noticed a death knight
  7763 | D:11     | Banished a death knight
  8193 | D:11     | Reached ***** piety under Lugonu
  8193 | D:11     | Reached skill level 8 in Invocations
  8246 | D:11     | Noticed Harold
  8249 | D:11     | Banished Harold
  8351 | D:11     | Noticed a two-headed ogre
  8365 | D:11     | Killed a two-headed ogre
  8512 | D:12     | Noticed Snorg
  8666 | D:10     | Noticed a two-headed ogre
  8776 | D:10     | Killed an unseen horror
  8786 | D:10     | Banished a two-headed ogre
  8960 | D:10     | Found a staircase to the Lair.
  8960 | D:10     | Noticed a death yak
  8972 | D:10     | Banished a death yak
  8996 | D:10     | Gained mutation: You heal very quickly. [Vine Stalker
                  | growth]
  8996 | D:10     | Reached XP level 12. HP: 60/60 MP: 19/19
  9139 | D:10     | Reached skill level 9 in Invocations
  9181 | D:10     | Noticed Josephine
  9200 | D:10     | Killed Josephine
  9386 | Lair:1   | Entered Level 1 of the Lair of Beasts
  9424 | Lair:1   | Reached skill level 5 in Dodging
  9436 | Lair:1   | Noticed an eight-headed hydra
 10248 | Lair:3   | Found a staircase to the Snake Pit.
 10540 | Lair:3   | Found a staircase to the Swamp.
 10595 | Lair:3   | Noticed Urug
 10619 | Lair:3   | Banished Urug
 11052 | Lair:4   | Reached skill level 10 in Invocations
 11058 | Lair:4   | Reached skill level 10 in Polearms
 11081 | Lair:4   | Noticed a death yak
 11089 | Lair:4   | Banished a death yak
 11164 | Lair:4   | Reached skill level 5 in Throwing
 11370 | Lair:4   | Reached XP level 13. HP: 59/66 MP: 19/21
 11567 | Lair:4   | Got a fine shortbow
 11568 | Lair:4   | Identified the +7 shortbow "Nustesecs" {freeze, rC++ Int-4
                  | Dex+3 Stlth+} (You found it on level 4 of the Lair of
                  | Beasts)
 12000 | Lair:5   | Identified the Volume of Glacial Displacement
 12089 | Lair:5   | Found a staircase to the Slime Pits.
 12693 | Lair:5   | Reached skill level 11 in Invocations
 12992 | Lair:6   | Entered Level 6 of the Lair of Beasts
 13904 | Lair:6   | Reached XP level 14. HP: 63/72 MP: 19/23
 14047 | Lair:6   | Paralysed by a hornet for 2 turns
 14483 | Lair:6   | Drowned by a drowned soul

Skill      XL: |  1  2  3  4  5  6  7  8  9 10 11 12 13 14 |
---------------+-------------------------------------------+-----
Polearms       | 2 3 4 5 6 7 8 9 10 | 10.8
Invocations    | 2 3 4 5 6 7 8 10 11 | 11.8
Armour         | 2 3 4 5 6 7 8 |  8.3
Slings         | 1 2 3 4 5 |  5.2
Fighting       | 3 4 5 6 7 8 |  8.1
Dodging        | 1 3 4 5 6 |  6.7
Stealth        | 2 3 |  3.6
Throwing       | 1 3 5 6 |  6.5

Action                   |  1- 3 |  4- 6 |  7- 9 | 10-12 | 13-15 || total
-------------------------+-------+-------+-------+-------+-------++-------
Melee: Spear             |   125 |   198 |   400 |    27 |       ||   750
       Bite              |    25 |    50 |   135 |   430 |   363 ||  1003
       Trident           |       |       |       |  1112 |   944 ||  2056
 Fire: Hunting sling     |       |     8 |    32 |    33 |    32 ||   105
       Fustibalus        |       |     2 |       |       |       ||     2
Throw: Stone             |       |     4 |       |       |       ||     4
Invok: Depart the Abyss  |     1 |       |       |       |       ||     1
       Banish            |       |       |     3 |    17 |     1 ||    21
       Bend Space        |       |       |     2 |     3 |       ||     5
Evoke: Wand              |       |       |       |     2 |       ||     2
  Use: Scroll            |     4 |     7 |     5 |     8 |     2 ||    26
  Eat: Chunk             |     1 |     3 |     6 |    17 |    10 ||    37
       Ration            |     1 |     1 |       |     4 |     1 ||     7
Armor: Leather armour    |    26 |    21 |       |       |       ||    47
       Ring mail         |       |    17 |       |       |       ||    17
       Chain mail        |       |    31 |   208 |    44 |       ||   283
       Plate armour      |       |       |       |   762 |   900 ||  1662
Dodge: Dodged            |    59 |    76 |   100 |   335 |   528 ||  1098
